 Dungeon Crawl Stone Soup version 0.31-a0-196-g86fe4a5e66 (webtiles) character file.

Game seed: 3116515811150242748

729 Zonian the Covert (level 7, -12/56 HPs)
             Began as a Gnoll Brigand on June 24, 2023.
             Killed from afar by Ijyb (16 damage)
             ... with an iceblast
             ... on level 4 of the Dungeon.
             The game lasted 00:09:24 (3886 turns).

Zonian the Covert (Gnoll Brigand)                   Turns: 3886, Time: 00:09:25

Health: -12/56     AC:  8    Str: 11    XL:     7   Next: 73%
Magic:  10/11      EV: 11    Int: 10    God:
Gold:   159        SH:  0    Dex: 15    Spells: 11/11 levels left

rFire   . . .        s - +0 dagger (venom)
rCold   . . .        (no shield)
rNeg    + . .        h - +0 ring mail
rPois   .            (no helmet)
rElec   .            c - +1 cloak
rCorr   .            (no gloves)
SInv    .            j - +0 pair of boots
Will    .....        (no amulet)
Stlth   +++          l - ring of positive energy
HPRegen 0.29/turn    (no ring)
MPRegen 0.12/turn

%: no passive effects
@: no status effects
A: fangs 1, strong nose, distributed training
a: no special abilities


You were on level 4 of the Dungeon.
You visited 1 branch of the dungeon, and saw 4 of its levels.

You collected 159 gold pieces.

Inventory:

Hand Weapons
 a - a +2 dagger
 i - a +0 sling
 m - a +0 rapier
 q - a +4 mace
 s - a +0 dagger of venom (weapon)
Missiles
 d - 27 poisoned darts (quivered)
Armour
 b - a +0 robe
 c - a +1 cloak (worn)
 h - a +0 ring mail (worn)
 j - a +0 pair of boots (worn)
 r - a +0 helmet
Magical Staves
 f - a staff of conjuration
Jewellery
 l - a ring of positive energy (left hand)
Scrolls
 g - a scroll of amnesia {unknown}
 k - a scroll of butterflies {unknown}
 o - a scroll of vulnerability {unknown}
 v - 2 scrolls of enchant armour
 w - a scroll of blinking {unknown}
 x - a scroll of silence {unknown}
 y - a scroll of fear {unknown}
 C - a scroll of fog
Potions
 e - a potion of degeneration
 p - 4 potions of curing
 t - a potion of lignification
 u - a potion of magic
 z - a potion of brilliance {unknown}
 B - a potion of mutation {unknown}
 D - a potion of heal wounds


   Skills:
 + Level 5.4 Fighting
 + Level 5.4 Short Blades
 + Level 2.8 Long Blades
 + Level 2.8 Axes
 + Level 2.8 Maces & Flails
 + Level 2.8 Polearms
 + Level 2.8 Staves
 + Level 2.8 Ranged Weapons
 + Level 5.4 Throwing
 + Level 2.8 Armour
 + Level 3.8 Dodging
 + Level 8.3 Stealth
 + Level 2.8 Shields
 + Level 2.8 Unarmed Combat
 + Level 2.8 Spellcasting
 + Level 2.2 Conjurations
 + Level 2.2 Hexes
 + Level 2.2 Summonings
 + Level 2.2 Necromancy
 + Level 2.2 Translocations
 + Level 2.2 Transmutations
 + Level 2.2 Fire Magic
 + Level 2.2 Ice Magic
 + Level 2.2 Air Magic
 + Level 2.2 Earth Magic
 + Level 2.2 Poison Magic
 + Level 3.1 Invocations
 + Level 2.8 Evocations


You had 11 spell levels left.
You didn't know any spells.
Your spell library contained the following spells:

 Spells                   Type           Power      Damage    Failure   Level
 Ignite Poison            Fire/Tmut/Pois 5%         N/A       61%         3
 Ozocubu's Armour         Ice            5%         N/A       61%         3
 Sticky Flame             Conj/Fire      5%         2d3       95%         4
 Ozocubu's Refrigeration  Ice            2%         4d8       100%        7
 Ignition                 Fire           2%         3d3       100%        8


Dungeon Overview and Level Annotations

Branches:
Dungeon (4/15)
 Temple: D:4-7

Altars:
Ru
Trog

Annotations:
D:4 Ijyb


Innate Abilities, Weirdness & Mutations

You have very sharp teeth.
Your uncanny sense of smell can sniff out nearby items.
Your experience applies equally to all skills.


Message History

The ogre closely misses you.
You hit the ogre.
The ogre is moderately wounded.
You barely miss the ogre.
The ogre is moderately wounded.
The ogre hits you with a +0 giant club!!
You hit the ogre but do no damage.
The ogre looks as sick as possible!
The ogre is moderately wounded.
You hit the ogre but do no damage.
The ogre is moderately wounded.
The ogre hits you with a +0 giant club!
You hit the ogre but do no damage.
The ogre is moderately wounded.
The ogre attacks as you move away! The ogre hits you with a +0 giant club!
* * * LOW HITPOINT WARNING * * *
Throw: dart (curare)
Press: ? - help, Shift-Dir - straight line, f - ogre
Aim: an ogre, wielding a +0 giant club (moderately wounded, very poisoned, 77% to hit)
You throw a curare-tipped dart.
The curare-tipped dart closely misses the ogre.
Unknown command.
Okay, then.
You hit the ogre.
The ogre looks as sick as possible!
The ogre is moderately wounded.
The ogre closely misses you.
Things that are here:
a +0 club; an orc corpse
Items here: )) [ ††.
Throw: 28 darts (poison)
Press: ? - help, Shift-Dir - straight line, f/p - ogre
Aim: an ogre, wielding a +0 giant club (severely wounded, very poisoned, 77% to hit)
You throw a poisoned dart. The poisoned dart hits the ogre.
The ogre looks as sick as possible!
The ogre is severely wounded.
The ogre attacks as you move away! The ogre hits you with a +0 giant club!
* * * LOW HITPOINT WARNING * * *
You kill the ogre!
Your Invocations skill increases to level 3!
Ijyb zaps a wand.
The mass of ice explodes!
The iceblast engulfs you!
You die...

...#.....#.#
...........# # .....#
.....).....##.# .....
..............# ....
......)......# ##...
..<.)...<....# #...
.(....)......###..######
........................
................@.......
..........#.............
#...............#..>$...
.....#.#.##.............
#.#.##.#.##.g...........
..#.##.#.##...#.....!...
###..#...#..............
# ##.#..#(..?.##<.......
.###.#.))..#..##....####


You could see Ijyb.

Vanquished Creatures
  Grinder (D:3)
  Menkaure (D:4)
  An ogre (D:4)
  A gnoll bouda (D:3)
  Natasha (thrice) (D:2)
  An orc wizard (D:4)
  Robin (D:2)
  3 adders
  8 gnolls
  A worm (D:2)
  5 orcs
  7 endoplasms
  2 giant cockroaches
  12 goblins
  7 hobgoblins
  9 jackals
  7 kobolds
  4 quokkas
  10 ball pythons
  6 bats
  2 frilled lizards (D:2)
  2 rats
94 creatures vanquished.

Notes
Turn   | Place    | Note
-------+----------+-------------------------------------------
     0 | D:1      | Zonian the Gnoll Brigand began the quest for the Orb.
     0 | D:1      | Reached XP level 1. HP: 20/20 MP: 1/1
   405 | D:1      | Reached XP level 2. HP: 25/26 MP: 2/2
  1032 | D:2      | Reached XP level 3. HP: 27/31 MP: 3/3
  1056 | D:2      | Reached skill level 1 in Invocations
  1094 | D:2      | Noticed Natasha
  1096 | D:2      | Killed Natasha
  1097 | D:2      | Reached skill level 1 in Long Blades
  1097 | D:2      | Reached skill level 1 in Axes
  1097 | D:2      | Reached skill level 1 in Maces & Flails
  1097 | D:2      | Reached skill level 1 in Polearms
  1097 | D:2      | Reached skill level 1 in Staves
  1097 | D:2      | Reached skill level 1 in Ranged Weapons
  1097 | D:2      | Reached skill level 1 in Armour
  1097 | D:2      | Reached skill level 1 in Shields
  1097 | D:2      | Reached skill level 1 in Unarmed Combat
  1097 | D:2      | Reached skill level 1 in Spellcasting
  1097 | D:2      | Reached skill level 1 in Evocations
  1097 | D:2      | Reached XP level 4. HP: 38/38 MP: 5/5
  1245 | D:2      | Reached skill level 1 in Conjurations
  1245 | D:2      | Reached skill level 1 in Hexes
  1245 | D:2      | Reached skill level 1 in Summonings
  1245 | D:2      | Reached skill level 1 in Necromancy
  1245 | D:2      | Reached skill level 1 in Translocations
  1245 | D:2      | Reached skill level 1 in Transmutations
  1245 | D:2      | Reached skill level 1 in Fire Magic
  1245 | D:2      | Reached skill level 1 in Ice Magic
  1245 | D:2      | Reached skill level 1 in Air Magic
  1245 | D:2      | Reached skill level 1 in Earth Magic
  1245 | D:2      | Reached skill level 1 in Poison Magic
  1266 | D:2      | Noticed Robin
  1294 | D:2      | Killed Robin
  1508 | D:2      | Reached XP level 5. HP: 43/43 MP: 7/7
  1568 | D:2      | Noticed Natasha
  1581 | D:2      | Killed Natasha
  1617 | D:2      | Noticed Natasha
  1633 | D:2      | Killed Natasha
  1799 | D:3      | Found a bloodstained altar of Trog.
  1914 | D:3      | Reached skill level 8 in Stealth
  2249 | D:3      | Noticed Grinder
  2256 | D:3      | Paralysed by Grinder for 5 turns
  2279 | D:3      | Killed Grinder
  2280 | D:3      | Reached skill level 5 in Fighting
  2280 | D:3      | Reached skill level 5 in Short Blades
  2280 | D:3      | Reached skill level 5 in Throwing
  2280 | D:3      | Reached XP level 6. HP: 13/51 MP: 7/9
  2579 | D:3      | Found a sacrificial altar of Ru.
  2930 | D:3      | Reached XP level 7. HP: 39/56 MP: 10/10
  3679 | D:4      | Noticed Menkaure
  3704 | D:4      | Killed Menkaure
  3864 | D:4      | Noticed Ijyb
  3886 | D:4      | Killed from afar by Ijyb

Illustrated notes

Levels and vault maps discovered:
D:1:      lightli_arrival_farm, layout_loops_corners, minmay_misc_feat_room,
          minmay_liquid_box, minmay_misc_feat_tiny
D:2:      minmay_diamond_boxcup, layout_basic, uniq_natasha, uniq_robin
D:3:      layout_basic, nicolae_ru_path_of_blood, old_standard_altar,
          uniq_grinder
D:4:      layout_rooms, uniq_pikel, uniq_menkaure, uniq_ijyb

Skill      XL: |  1  2  3  4  5  6  7 |
---------------+----------------------+-----
Invocations    | 1 2 3 |  3.1
Long Blades    | 1 2 |  2.8
Axes           | 1 2 |  2.8
Maces & Flails | 1 2 |  2.8
Polearms       | 1 2 |  2.8
Staves         | 1 2 |  2.8
Ranged Weapons | 1 2 |  2.8
Armour         | 1 2 |  2.8
Shields        | 1 2 |  2.8
Unarmed Combat | 1 2 |  2.8
Spellcasting   | 1 2 |  2.8
Evocations     | 1 2 |  2.8
Conjurations   | 1 2 |  2.2
Hexes          | 1 2 |  2.2
Summonings     | 1 2 |  2.2
Necromancy     | 1 2 |  2.2
Translocations | 1 2 |  2.2
Transmutations | 1 2 |  2.2
Fire Magic     | 1 2 |  2.2
Ice Magic      | 1 2 |  2.2
Air Magic      | 1 2 |  2.2
Earth Magic    | 1 2 |  2.2
Poison Magic   | 1 2 |  2.2
Dodging        | 3 |  3.8
Stealth        | 8 |  8.3
Fighting       | 5 |  5.4
Short Blades   | 5 |  5.4
Throwing       | 5 |  5.4

Action                     |  1- 3 |  4- 6 |  7- 9 || total
---------------------------+-------+-------+-------++-------
  Melee: Dagger            |    51 |   168 |    88 ||   307
         Bite              |     3 |    15 |     5 ||    23
         Punch             |       |     3 |     4 ||     7
  Throw: Dart              |       |     8 |     2 ||    10
    Use: Scroll            |       |     6 |     1 ||     7
         Potion            |       |       |     1 ||     1
   Stab: Sleeping          |     8 |     7 |     1 ||    16
         Distracted        |       |     2 |       ||     2
 Armour: Ring mail         |     9 |    65 |     7 ||    81
         Skin              |       |       |    31 ||    31
  Dodge: Dodged            |    18 |    82 |    40 ||   140

Table legend: (Time is in decaauts)
 A = Elapsed time spent in this place.
 B = Non-inter-level travel time spent in this place.
 C = Inter-level travel time spent in this place.
 D = Time resting spent in this place.
 E = Time spent auto-exploring this place.
 F = Levels seen in this place.
 G = Mean time per level.
                   A        B        C        D        E       F      G
               +--------+--------+--------+--------+--------+-----+--------+
         Total |   3829 |   3642 |    187 |   1227 |   1647 |   4 |  957.2 |
       Dungeon |   3829 |   3642 |    187 |   1227 |   1647 |   4 |  957.2 |
               +--------+--------+--------+--------+--------+-----+--------+

Top non-repeatable levels by time:
     D:3: 1819 daAuts
     D:1: 1026 daAuts
     D:2: 686 daAuts
     D:4: 296 daAuts
